Map: Central Protocol

Players

LucasKyioshi

  • Race: Protoss Protoss
  • League: Gold

Ame - Winner!

  • Race: Zerg Zerg
  • League: Silver

VOD

Have the link to the VOD?

Description

Time

  • Played on: Nov. 15, 2015, 6:11 a.m.
  • Length: 10:23
Show
View Real Time Build Order
Export as new Build Order

LucasKyioshi Protoss 

Build Orders: 1 Gate Expand 

Get SALT Encoding   

  12  0:01  Probe (Chrono Boost)  
  13  0:22  Pylon  
  13  0:23  Probe (Chrono Boost)  
  14  0:34  Probe (Chrono Boost)  
  15  0:48  Probe (Chrono Boost)  
  16  0:56  Gateway  
  16  0:59  Probe (Chrono Boost)  
  17  1:23  Nexus  
  17  1:25  Pylon  
  17  1:28  Probe (Chrono Boost)  
  18  1:37  Assimilator  
  18  1:39  Probe (Chrono Boost)  
  19  1:49  Probe (Chrono Boost)  
  19  1:52  Cybernetics Core  
  20  1:59  Gateway  
  22  2:09  Probe  
  23  2:22  Probe  
  22  2:32  Adept (Chrono Boost)  
  24  2:39  Probe  
  24  2:41  Assimilator  
  25  2:47  Adept (Chrono Boost)  
  25  2:50  Probe  
  28  3:00  Probe  
  28  3:03  Pylon  
  29  3:11  Probe, Zealot (Chrono Boost)  
  32  3:14  Probe  
  33  3:21  Probe  
  33  3:24  Stargate  
  34  3:32  Probe  
  35  3:36  Stalker (Chrono Boost)  
  35  3:39  Zealot (Chrono Boost)  
  39  3:44  Gateway  
  39  3:59  Warp Gate (Chrono Boost)  
  39  4:00  Probe  
  39  4:02  Assimilator  
  40  4:11  Probe  
  35  4:32  Stalker (Chrono Boost)  
  35  4:35  Mothership Core  
  35  4:37  Adept (Chrono Boost)  
  39  4:39  Zealot (Chrono Boost)  
  39  4:50  Assimilator  
  39  5:01  Adept (Chrono Boost), Oracle (Chrono Boost)  
  39  5:04  Probe  
  45  5:16  Probe  
  45  5:17  Pylon  
  45  5:20  Pylon  
  46  5:21  Gateway  
  46  5:23  Gateway  
  46  5:24  Probe, Pylon  
  47  5:28  Pylon  
  47  5:29  Probe  
  47  5:30  Pylon  
  47  5:31  Pylon  
  47  5:33  Pylon  
  48  5:41  Probe (Chrono Boost)  
  49  5:49  Gateway  
  49  5:51  Probe (Chrono Boost)  
  49  5:52  Gateway  
  50  6:02  Probe (Chrono Boost)  
  50  6:03  Adept  
  50  6:04  Adept x2  
  57  6:12  Probe (Chrono Boost)  
  57  6:15  Robotics Facility  
  58  6:23  Probe (Chrono Boost)  
  59  6:34  Probe (Chrono Boost)  
  48  6:50  Sentry x4  
  48  6:53  Stalker  
  58  7:11  Adept x3  
  58  7:14  Zealot x3  
  70  7:19  Immortal (Chrono Boost)  
  52  7:55  Zealot x5  
  52  7:56  Zealot x2  
  66  8:04  Robotics Bay  
  62  8:14  Oracle (Chrono Boost)  
  65  8:20  Sentry x3  
  65  8:21  Zealot x3  
  65  8:22  Zealot  
  77  8:41  Zealot x3  
  77  8:42  Zealot  
  77  8:43  Zealot x2  
  77  8:44  Zealot  
  50  9:34  Pylon  
  50  9:37  Pylon  
  50  9:44  Forge  
  50  9:48  Forge  
  48  9:54  Zealot x5  
  48  9:55  Zealot x2  
Show
View Real Time Build Order
Export as new Build Order

Ame Zerg - Winner!

Build Orders: Hatch First 

Get SALT Encoding   

  12  0:09  Drone  
  13  0:14  Overlord  
  13  0:22  Drone  
  14  0:33  Drone  
  15  0:52  Drone  
  15  0:56  Hatchery  
  15  0:59  Drone  
  16  1:13  Drone  
  16  1:14  Spawning Pool  
  16  1:21  Drone  
  16  1:23  Extractor  
  16  1:24  Drone  
  17  1:34  Overlord  
  17  1:45  Drone  
  18  1:58  Drone  
  19  2:03  Queen  
  19  2:08  Queen  
  23  2:10  Drone x2  
  25  2:17  Drone  
  25  2:19  Drone  
  27  2:29  Zergling x2  
  28  2:40  Zergling x2  
  28  2:41  Zergling x2  
  28  2:43  Overlord  
  30  2:49  Drone  
  31  2:51  Overlord  
  31  2:53  Queen  
  31  2:55  Metabolic Boost  
  33  3:00  Drone, Baneling Nest  
  33  3:06  Drone  
  33  3:11  Drone  
  35  3:15  Drone  
  35  3:16  Drone x3  
  35  3:18  Drone  
  40  3:26  Drone x2  
  40  3:27  Drone  
  43  3:28  Drone  
  44  3:36  Drone  
  43  4:00  Zergling x10  
  47  4:04  Overlord x2  
  47  4:05  Overlord  
  47  4:07  Drone x3  
  50  4:10  Extractor  
  50  4:12  Drone  
  50  4:13  Roach Warren  
  45  4:24  Zergling x4  
  45  4:31  Zergling x2  
  45  4:34  Zergling x2  
  45  4:35  Zergling x12  
  52  4:43  Drone  
  53  4:47  Drone  
  53  4:51  Lair  
  54  4:54  Zergling x2  
  55  5:02  Evolution Chamber  
  55  5:03  Drone  
  55  5:04  Drone  
  56  5:09  Drone  
  56  5:11  Drone  
  56  5:12  Drone x3  
  61  5:26  Drone  
  61  5:27  Drone x4  
  66  5:29  Hatchery  
  66  5:33  Extractor  
  64  5:38  Drone, Extractor  
  64  5:40  Zerg Melee Weapons Level 1  
  64  5:41  Zergling x2  
  64  5:42  Zergling x12  
  71  5:53  Hydralisk Den  
  71  5:54  Drone x2, Spire, Infestation Pit  
  70  6:01  Queen  
  72  6:14  Zergling x6  
  75  6:21  Overlord x5  
  75  6:22  Overlord x2  
  73  6:37  Queen  
  65  6:49  Zergling x2  
  65  6:50  Zergling x18  
  65  6:53  Queen  
  77  7:08  Corruptor x4  
  79  7:13  Queen  
  79  7:14  Corruptor x2  
  91  7:20  Zergling x2  
  92  7:23  Zergling x2  
  92  7:26  Zergling x4  
  86  7:55  Zergling x22  
  86  7:56  Zergling x2  
  91  8:23  Zergling x2  
  91  8:24  Zergling x16  
  100  8:29  Zerg Flyer Weapons Level 1  
  94  8:35  Drone  
  94  8:36  Drone x10  
  78  8:59  Zergling x2  
  78  9:00  Zergling x12  
  81  9:23  Zergling x2  
  81  9:24  Zergling x12  
Tags
 
Add a new tag
Caveats
  • Supply blocks, unpowered buildings, or Contaminate may cause inaccurate times.
  • Supply counts are checked every 10 seconds.